 Dungeon Sprint DCSS version 0.23-a0-681-g26ad783 (webtiles) character file.

954 Lanoc the Carver (level 7, -4/61 (63) HPs)
             Began as a Demonspawn Berserker on Jan 11, 2019.
             Was an Elder of Trog.
             Slain by a yaktaur (6 damage)
             ... in the Dungeon (Sprint II: "The Violet Keep of Menkaure").
             The game lasted 00:03:26 (395 turns).

Lanoc the Carver (Demonspawn Berserker)              Turns: 395, Time: 00:03:26

HP:   -4/61 (63)    AC: 12    Str: 19    XL:     7   Next: 90%
MP:   7/7           EV: 12    Int:  9    God:    Trog [****..]
Gold: 268           SH:  0    Dex: 12    Spells: 6/6 levels left

rFire    . . .     SeeInvis .   a - +0 falchion
rCold    . . .     Gourm    .   (no shield)
rNeg     . . .     Faith    .   d - +2 chain mail "Idecwy" {Slay+2}
rPois    .         Spirit   .   (no helmet)
rElec    .         Reflect  .   (no cloak)
rCorr    .         Harm     .   (no gloves)
MR       .....     NoTele   +   (no boots)
Stlth    ..........             (no amulet)
HPRegen  0.20/turn              (no ring)
MPRegen  0.10/turn              (no ring)

@: berserk cooldown, slowed, very slow
A: nightstalker 1, spiny 1, sturdy frame 1
a: Berserk, Trog's Hand, Brothers in Arms, Renounce Religion


You were in the Dungeon.
You worshipped Trog.
Trog was greatly pleased with you.
You were not hungry.

You visited 1 branch You collected 486 gold pieces.
You spent 218 gold pieces at shops.

Inventory:

Hand Weapons
 a - a +0 falchion (weapon)
Armour
 d - the +2 chain mail "Idecwy" (worn) {Slay+2}
   (You bought it in a shop in the Dungeon)

   It affects your accuracy and damage with ranged weapons and melee attacks
   (+2).
Scrolls
 i - a scroll of blinking
Potions
 f - a potion of haste
 g - 2 potions of magic
 h - a potion of berserk rage


   Skills:
 + Level 8.4 Fighting
 * Level 10.4 Long Blades
 + Level 7.3 Armour
 + Level 7.3 Dodging


You had 6 spell levels left.
You didn't know any spells.
Your spell library was empty.

Dungeon Overview and Level Annotations

Branches:
Dungeon (1/1)

Altars:
Cheibriados
Dithmenos
Elyvilon
Hepliaklqana
Kikubaaqudgha
Makhleb
Qazlal
Ru
Sif Muna
Trog
Uskayaw
Vehumet
Wu Jian
Xom
Yredelemnul
Zin
The Shining One
Jiyva
Lugonu

Shops:
D :[}=?(![!(%:[=[:

Annotations:
D exclusion: oklob plant


Innate Abilities, Weirdness & Mutations

You are slightly more attuned to the shadows.
You are partially covered in sharp spines.
Your movements are slightly less encumbered by armour. (ER -2)


Message History

The polar bear barely misses you. x2
The polar bear claws you but does no damage.
The polar bear closely misses you.
You hit the polar bear.
You kill the polar bear!
Trog accepts your kill. The polar bear bites you!
* * * LOW HITPOINT WARNING * * *
The polar bear claws you but does no damage.
The polar bear misses you.
You slash the polar bear!
The polar bear is severely wounded.
You are no longer berserk.
You are exhausted.
You feel yourself slow down.
An arrow hits the yaktaur!
You fail to use your ability.
The polar bear bites you.
* * * LOW HITPOINT WARNING * * *
The polar bear claws you but does no damage. x2
The yaktaur hits you.
You die... °zzzz ++#+++## .......# .. ##+##..# #. # ##.#### +^### .# #.#....# ...# H#H

###..## #..# # #+#
#.##..# +.^# .#
##.###..#..# #†@# .#
+.<.'.##'..####ch##.# ))
##.###..#....###y..##▓▓▓
##†###.##§.....≈≈≈≈≈≈≈≈≈
#.#.####≈≈.§§§.≈#'######
..#..#≈§§§≈§≈..≈#._._._.
#...##≈§÷≈≈§≈≈§≈#.._._._
##+##§≈≈§≈≈≈≈≈≈≈#._._._.
≈≈≈≈≈≈≈≈≈§≈§≈≈≈≈#_._._._


You could see a polar bear, a yaktaur and a hornet.

Vanquished Creatures
  2 polar bears (D)
  Menkaure (D)
  4 necrophages (D)
  4 worker ants (D)
11 creatures vanquished.

Vanquished Creatures (others)
  A crocodile (D)
1 creature vanquished.

Grand Total: 12 creatures vanquished

Notes
Turn   | Place    | Note
-------+----------+-------------------------------------------
     0 | D        | Lanoc the Demonspawn Berserker began the quest for the Orb.
     0 | D        | Reached XP level 1. HP: 18/18 MP: 1/1
     1 | D        | Noticed a tyrant leech
     1 | D        | Noticed a tyrant leech
     4 | D        | Noticed a hippogriff
     4 | D        | Noticed a hippogriff
     7 | D        | Noticed a worker ant
     7 | D        | Noticed a worker ant
    12 | D        | Killed a worker ant
    12 | D        | Reached skill level 4 in Long Blades
    12 | D        | Gained mutation: You are partially covered in sharp spines.
                  | [demonic ancestry]
    12 | D        | Reached XP level 2. HP: 25/25 MP: 2/2
    15 | D        | Reached XP level 3. HP: 30/30 MP: 3/3
    31 | D        | Reached ** piety under Trog
    31 | D        | Reached skill level 5 in Long Blades
    31 | D        | Gained mutation: Your movements are slightly less
                  | encumbered by armour. (ER -2) [demonic ancestry]
    31 | D        | Reached XP level 4. HP: 35/38 MP: 4/4
    49 | D        | Killed a crocodile
   173 | D        | Noticed a necrophage
   173 | D        | Noticed a necrophage
   173 | D        | Noticed a necrophage
   173 | D        | Noticed a necrophage
   178 | D        | Killed a necrophage
   178 | D        | Reached skill level 5 in Fighting
   178 | D        | Reached skill level 6 in Long Blades
   178 | D        | Gained mutation: You are slightly more attuned to the
                  | shadows. [demonic ancestry]
   178 | D        | Reached XP level 5. HP: 46/46 MP: 5/5
   185 | D        | Killed a necrophage
   185 | D        | Reached skill level 7 in Long Blades
   185 | D        | Reached skill level 5 in Armour
   185 | D        | Reached skill level 5 in Dodging
   185 | D        | Reached XP level 6. HP: 51/51 MP: 6/6
   189 | D        | Reached *** piety under Trog
   189 | D        | Reached skill level 8 in Long Blades
   269 | D        | Noticed a flying skull
   269 | D        | Noticed a flying skull
   271 | D        | Noticed Menkaure
   272 | D        | Noticed a flying skull
   272 | D        | Noticed a flying skull
   272 | D        | Noticed a flying skull
   272 | D        | Noticed a flying skull
   272 | D        | Noticed a flying skull
   273 | D        | Noticed a flying skull
   273 | D        | Noticed a flying skull
   274 | D        | Noticed a flying skull
   274 | D        | Noticed a flying skull
   274 | D        | Noticed a flying skull
   277 | D        | Killed Menkaure
   277 | D        | Reached skill level 9 in Long Blades
   277 | D        | Reached XP level 7. HP: 54/58 MP: 7/7
   281 | D        | Found Acsoi's Jewellery Shop.
   281 | D        | Found Plog's Antique Armour Boutique.
   281 | D        | Found Jeiribak's Book Shop.
   282 | D        | Found Linnyina's Food Shop.
   282 | D        | Found Kextekogg's Book Shop.
   282 | D        | Found Kukunen's Antique Armour Boutique.
   283 | D        | Found Xownariso's Distillery.
   283 | D        | Found Rasmon's Antique Armour Shop.
   283 | D        | Found Soshois's Antique Weapon Shop.
   283 | D        | Found Emuudox's Distillery.
   284 | D        | Found Qogova Lyoc's Weapon Boutique.
   284 | D        | Found Ocivet's Magic Scroll Shop.
   284 | D        | Found Woffuud's Jewellery Boutique.
   287 | D        | Found Wufrannu's Gadget Shop.
   287 | D        | Found Emuvedua's Antique Armour Boutique.
   287 | D        | Noticed a polar bear
   288 | D        | Noticed a polar bear
   289 | D        | Found Leosoeto's Book Shoppe.
   289 | D        | Noticed an oklob plant
   289 | D        | Noticed a shining eye
   289 | D        | Noticed a shining eye
   289 | D        | Noticed a shining eye
   294 | D        | Noticed an ice dragon
   323 | D        | Bought a ruby-studded chain mail for 218 gold pieces
   333 | D        | Identified the +2 chain mail "Idecwy" {Slay+2} (You bought
                  | it in a shop in the Dungeon)
   357 | D        | Found a glowing silver altar of Zin.
   358 | D        | Found a glowing golden altar of the Shining One.
   358 | D        | Found a basalt altar of Yredelemnul.
   359 | D        | Found a shimmering altar of Xom.
   359 | D        | Found a bloodstained altar of Trog.
   359 | D        | Found a hide-covered altar of Uskayaw.
   360 | D        | Found a deep blue altar of Sif Muna.
   360 | D        | Found a corrupted altar of Lugonu.
   361 | D        | Found an ornate altar of the Wu Jian Council.
   361 | D        | Found an ancient bone altar of Kikubaaqudgha.
   362 | D        | Found a stormy altar of Qazlal.
   362 | D        | Found a sacrificial altar of Ru.
   362 | D        | Found a viscous altar of Jiyva.
   363 | D        | Found a shadowy altar of Dithmenos.
   364 | D        | Found a hazy altar of Hepliaklqana.
   364 | D        | Found a snail-covered altar of Cheibriados.
   364 | D        | Found a radiant altar of Vehumet.
   364 | D        | Found a burning altar of Makhleb.
   364 | D        | Found a white marble altar of Elyvilon.
   364 | D        | Noticed a hornet
   364 | D        | Noticed a polar bear
   364 | D        | Noticed a polar bear
   365 | D        | Noticed a polar bear
   368 | D        | Noticed a yaktaur
   384 | D        | Killed a polar bear
   384 | D        | Reached **** piety under Trog
   384 | D        | Reached skill level 10 in Long Blades
   393 | D        | Killed a polar bear
   395 | D        | HP: 2/61 [polar bear (2)]
   395 | D        | Slain by a yaktaur

Vault maps used:
D:        the_violet_keep_of_menkaure

Skill      XL: |  1  2  3  4  5  6  7 |
---------------+----------------------+-----
Long Blades    | 4 5 6 7 9 10 | 10.4
Armour         | 2 3 4 5 6 7 |  7.3
Dodging        | 2 3 4 5 6 7 |  7.3
Fighting       | 4 5 6 7 8 |  8.4

Action                   |  1- 3 |  4- 6 |  7- 9 || total
-------------------------+-------+-------+-------++-------
Melee: Falchion          |    14 |    26 |    24 ||    64
Invok: Berserk           |     1 |     2 |     1 ||     4
       Trog's Hand       |       |     1 |       ||     1
  Use: Potion            |     2 |       |       ||     2
  Eat: Ration            |       |       |     1 ||     1
Armor: Animal skin       |     2 |       |       ||     2
       Chain mail        |       |       |    52 ||    52
Dodge: Dodged            |    10 |     8 |    41 ||    59
       Rpst.: Falchion   |     2 |     2 |     4 ||     8

Table legend:
 A = Non-vault XP
 B = Vault XP
 C = Vault XP percentage of total XP
 D = Non-vault monster count
 E = Vault monster count
 F = Vault count percentage of total count
                 A         B        C        D         E       F
            +---------+---------+-------+---------+---------+-------
      Total |       0 |    1363 | 100.0 |       0 |      11 | 100.0
            +---------+---------+-------+---------+---------+-------
          D |       0 |    1363 | 100.0 |       0 |      11 | 100.0
            +---------+---------+-------+---------+---------+-------
